 Dungeon Crawl Stone Soup version 0.22-a0-553-g9358b0b (webtiles) character file.

27612 emperorscorpion the Severer (level 13, 0/116 HPs)
             Began as a Hill Orc Monk on June 25, 2018.
             Was an Elder of Nemelex Xobeh.
             Slain by Frances
             ... wielding a +4 scimitar of slicing
              (17 damage)
             ... on level 12 of the Dungeon.
             The game lasted 00:36:14 (16218 turns).

emperorscorpion the Severer (Hill Orc Monk)        Turns: 16218, Time: 00:36:14

Health: 0/116      AC: 20    Str: 18    XL:     13   Next: 33%
Magic:  31/31      EV:  8    Int: 11    God:    Nemelex Xobeh [****..]
Gold:   191        SH:  9    Dex: 13    Spells: 12/12 levels left

rFire    . . .     SeeInvis +   b - +10 scimitar "Xyhiataud" {flame, rPois MR+ MP+9}
rCold    . . .     Gourm    .   G - +0 buckler
rNeg     . . .     Faith    .   j - +2 plate armour {MR+}
rPois    +         Spirit   .   (no helmet)
rElec    .         Reflect  .   s - +1 cloak {+Inv}
rCorr    .         Harm     .   Z - +0 pair of gloves
MR       ++...                  (no boots)
Stlth    ..........             (no amulet)
HPRegen  0.29/turn              U - ring of see invisible
MPRegen  0.22/turn              N - +2 ring of slaying

@: no status effects
A: large bone plates 1, poison resistance, screaming 1
a: Triple Draw, Deal Four, Renounce Religion, Evoke Invisibility


You were on level 12 of the Dungeon.
You worshipped Nemelex Xobeh.
Nemelex Xobeh was greatly pleased with you.
You were hungry.

You visited 4 branches of the dungeon, and saw 16 of its levels.

You collected 1541 gold pieces.
You spent 1350 gold pieces at shops.

Inventory:

Hand Weapons
 a - a +2 broad axe of protection
 b - the +10 scimitar "Xyhiataud" (weapon) {flame, rPois MR+ MP+9}
   (You found it on level 11 of the Dungeon)

   It has been specially enchanted to burn those struck by it, causing extra
   injury to most foes and up to half again as much damage against particularly
   susceptible opponents.
   Big, fiery blades are also staple armaments of hydra-hunters.
   It protects you from poison.
   It affects your resistance to hostile enchantments.
   It affects your magic capacity (+9).
 v - a +0 spear
 y - the +1 trident of Analysis {flame, MR+ Str+4 Stlth+}
   (You bought it in a shop on level 2 of the Orcish Mines)

   It has been specially enchanted to burn those struck by it, causing extra
   injury to most foes and up to half again as much damage against particularly
   susceptible opponents.
   It affects your strength (+4).
   It affects your resistance to hostile enchantments.
   It makes you more stealthy.
 X - a +0 trident
Missiles
 l - 51 poisoned needles
 o - 2 throwing nets (quivered)
Armour
 f - a +1 cloak
 j - a +2 plate armour of magic resistance (worn)
 s - a +1 cloak of invisibility (worn)
 G - a +0 buckler (worn)
 V - a +1 scale mail of fire resistance
 Z - a +0 pair of gloves (worn)
Jewellery
 k - an uncursed ring of wizardry
 M - an uncursed ring of loudness
 N - a +2 ring of slaying (right hand)
 P - an uncursed ring of resist corrosion
 T - an uncursed ring of protection from fire
 U - a ring of see invisible (left hand)
Wands
 g - a wand of flame (17)
 n - a wand of polymorph (21)
 p - a wand of digging (17)
 A - a wand of paralysis (12)
 H - a wand of clouds (6)
 O - a wand of acid (7)
Scrolls
 h - 3 scrolls of identify
 m - 2 scrolls of fog
 q - a scroll of immolation
 w - 8 scrolls of teleportation
 D - 2 scrolls of amnesia
 E - a scroll of blinking
 I - 5 scrolls of remove curse
 W - a scroll of summoning
Potions
 e - 2 potions of brilliance
 i - 2 potions of haste
 r - 3 potions of mutation
 t - 10 potions of curing
 u - a potion of lignification
 z - 4 potions of flight
 B - 3 potions of resistance
 C - 3 potions of heal wounds
 F - 2 potions of magic
 J - a potion of cancellation
 K - a potion of ambrosia
 L - 4 potions of agility
Miscellaneous
 d - a lamp of fire (inert)
 x - a plain deck of summoning {drawn: 1}
 Q - a plain deck of destruction {drawn: 5}
 R - a plain deck of summoning {drawn: 2}
 S - a plain deck of destruction {drawn: 1}
Comestibles
 c - 23 rations
 Y - 2 chunks of flesh


   Skills:
 + Level 11.4 Fighting
 + Level 1.7 Long Blades
 - Level 17.0 Axes
 + Level 10.0 Armour
 + Level 4.8 Dodging
 - Level 1.5 Stealth
 - Level 4.0 Shields
 * Level 12.5 Invocations
 + Level 1.2 Evocations


You had 12 spell levels left.
You didn't know any spells.
Your spell library contained the following spells:

 Spells                   Type           Power        Failure   Level  Hunger
 Confuse                  Hex            #.......     100%        3    ####...
 Confusing Touch          Hex            #.....       100%        1    ##.....
 Metabolic Englaciation   Hex/Ice        #.........   100%        5    ######.
 Petrify                  Tmut/Erth      #.......     100%        4    #####..
 Gell's Gravitas          Tloc           #.........   100%        3    ####...
 Yara's Violent Unravell  Hex/Tmut       #.........   100%        5    ######.


Dungeon Overview and Level Annotations

Branches:
Dungeon (12/15)            Temple (1/1) D:6            Lair (0/6) D:11
    Orc (2/2) D:11            Elf (1/3) Orc:2

Altars:
Ashenzari
Cheibriados
Dithmenos
Elyvilon
Fedhas
Gozag
Hepliaklqana
Kikubaaqudgha
Makhleb
Nemelex Xobeh
Okawaru
Qazlal
Ru
Sif Muna
Trog
Uskayaw
Vehumet
Wu Jian
Xom
Yredelemnul
Zin
The Shining One

Shops:
Orc:1 %   Orc:2 =(*[

Annotations:
D:12 Frances


Innate Abilities, Weirdness & Mutations

You are partially covered in large bone plates. (SH +4)
Your system is resistant to poisons. (rPois)
You occasionally shout uncontrollably at your foes.


Message History

Frances hits you with a scimitar of slicing!
* * * LOW HITPOINT WARNING * * *
x2 The quasit bites your yaktaur but does no damage.
The quasit claws your yaktaur but does no damage. x2
Your yaktaur hits the quasit.
The soul eater draws from the surrounding life force!
* * * LOW HITPOINT WARNING * * *
Your yaktaur is heavily wounded.
The quasit barely misses your yaktaur. x2; The quasit claws your yaktaur.
Unknown command.
Evoke which item? (* to show all) (? for menu, Esc to quit)
You draw a card...
It is the Orb.
You have drawn the Orb.
Press: ? - help, Shift-Dir - straight line, f - Frances
Aim: Frances, wielding a scimitar of slicing and wearing a glowing leather armour (heavily wounded, fast, unusually agile)
The orb of energy hits Frances.
Frances is heavily wounded.
Frances hits you with a scimitar of slicing!
You die...
Your body glows slightly and disappears.

##...... #.#.
......# #.#.
#.#...# ####'#.
#.....#### .......
#........#
.....%.###........#
.......#.5........#
......4#c#........#
.....h3@@+........#
......##)#........#
..... $.#......>.#
#### ####........#
#........#
#........#
#........#
#........##
#######..<#


You could see Frances, a soul eater, a rust devil, a howler monkey, a quasit and
a friendly yaktaur.

Vanquished Creatures
  An orc warlord (Orc:2)
  A hydra (D:12)
  4 two-headed ogres
  2 orc high priests
  A tengu warrior (D:10)
  A death drake (Orc:2)
  3 unseen horrors (D:11)
  2 orc knights (Orc:2)
  An orc sorcerer (Orc:2)
  4 deep elf magi (Elf:1)
  2 cyclopes
  An ugly thing (D:11)
  A gargoyle (D:11)
  A komodo dragon (Orc:2)
  4 trolls
  A hornet (D:9)
  A wolf spider simulacrum (D:12)
  A merfolk (Orc:2)
  2 vampires (D:11)
  An air elemental (Elf:1)
  A fire elemental (Elf:1)
  A wyvern (D:8)
  2 wraiths
  5 yaks (D:9)
  3 hungry ghosts
  A warg (Orc:2)
  13 orc warriors
  4 phantoms
  An eye of draining (D:12)
  2 necrophages
  13 ogres
  A tengu (D:9)
  5 centaurs
  A crocodile (D:9)
  2 big kobolds
  3 bullfrogs (D:7)
  A gnoll sergeant (D:6)
  2 water moccasin zombies
  3 scorpions
  4 killer bees (D:9)
  3 wights (D:6)
  5 howler monkeys
  2 centaur zombies
  A crimson imp (D:5)
  3 bullfrog zombies
  13 orc priests
  2 jellies (D:7)
  Crazy Yiuf (D:2)
  6 hounds
  A centaur skeleton (D:9)
  14 orc wizards
  Jessica (D:2)
  4 iguanas
  7 worker ants
  2 hound skeletons (D:8)
  A worker ant zombie (D:7)
  10 adders
  3 gnolls (D:6)
  A howler monkey skeleton (D:7)
  3 shadow imps
  2 oozes
  An adder zombie (D:7)
  3 adder skeletons
  4 worms
  A dart slug (D:2)
  5 leopard geckos
  47 orcs
  8 giant cockroaches
  7 goblins
  8 hobgoblins
  9 jackals
  13 kobolds
  5 quokkas
  3 ball pythons
  19 bats
  9 frilled lizards
  A leopard gecko skeleton (D:5)
  8 rats
339 creatures vanquished.

Vanquished Creatures (collateral kills)
  2 orc high priests (Orc:2)
  The ghost of Nizelasm the Grappler, a novice TrWz of Ashenzari (D:6)
  An orc knight (Orc:2)
  A deep elf mage (Elf:1)
  2 orc sorcerers (Orc:2)
  8 orc warriors
  A bullfrog (D:11)
  A killer bee (D:11)
  A howler monkey (D:12)
  6 orc priests
  A jelly (D:11)
  7 orc wizards
  An ooze (D:11)
  9 orcs
  2 jackals (D:11)
  3 kobolds
  A rat (D:11)
48 creatures vanquished.

Vanquished Creatures (others)
  An orc high priest (Orc:2)
  A deep elf knight (Elf:1)
  2 deep elf magi (Elf:1)
  A warg (Orc:2)
  A centaur (Orc:2)
  A hound (Orc:2)
  A worker ant (Orc:2)
  A ball lightning (Elf:1)
  An orc (Orc:2)
10 creatures vanquished.

Grand Total: 397 creatures vanquished

Notes
Turn   | Place    | Note
-------+----------+-------------------------------------------
     0 | D:1      | emperorscorpion the Hill Orc Monk began the quest for the Orb.
     0 | D:1      | Reached XP level 1. HP: 19/19 MP: 1/1
   324 | D:1      | Reached XP level 2. HP: 27/27 MP: 2/2
   896 | D:2      | Found a snail-covered altar of Cheibriados.
   943 | D:2      | Reached XP level 3. HP: 27/33 MP: 3/3
  1322 | D:2      | Reached skill level 5 in Axes
  1475 | D:2      | Reached skill level 1 in Armour
  1475 | D:2      | Reached XP level 4. HP: 41/41 MP: 4/4
  2042 | D:2      | Found a runed door.
  2042 | D:2      | Noticed Jessica
  2053 | D:2      | Killed Jessica
  2133 | D:2      | Noticed Crazy Yiuf
  2141 | D:2      | Killed Crazy Yiuf
  2141 | D:2      | Reached XP level 5. HP: 29/47 MP: 5/5
  2438 | D:3      | Reached skill level 6 in Axes
  2450 | D:3      | Found an iron altar of Okawaru.
  3285 | D:4      | Noticed a phantom
  3314 | D:4      | Killed a phantom
  3314 | D:4      | Reached skill level 5 in Fighting
  3314 | D:4      | Reached skill level 7 in Axes
  3314 | D:4      | Reached XP level 6. HP: 46/56 MP: 6/6
  3492 | D:4      | Found a burning altar of Makhleb.
  3495 | D:4      | Found a hide-covered altar of Uskayaw.
  3498 | D:4      | Found a deep blue altar of Sif Muna.
  3728 | D:4      | Gained mutation: Your system is resistant to poisons. (rPois) [potion of mutation]
  3728 | D:4      | Gained mutation: You are partially covered in large bone plates. (SH +4) [potion of mutation]
  3739 | D:4      | Reached XP level 7. HP: 34/61 MP: 7/7
  4084 | D:5      | Entered Level 5 of the Dungeon
  4108 | D:5      | Reached skill level 8 in Axes
  4190 | D:5      | Found a hazy altar of Hepliaklqana.
  4306 | D:5      | Reached skill level 1 in Shields
  4545 | D:5      | Reached skill level 9 in Axes
  4545 | D:5      | Reached XP level 8. HP: 69/70 MP: 8/8
  5056 | D:6      | Found a staircase to the Ecumenical Temple.
  5074 | Temple   | Entered the Ecumenical Temple
  5334 | D:6      | Found a sparkling altar of Nemelex Xobeh.
  5394 | D:6      | Became a worshipper of Nemelex Xobeh the Trickster
  5394 | D:6      | Received a gift from Nemelex Xobeh
  5394 | D:6      | Reached * piety under Nemelex Xobeh
  5394 | D:6      | Received a gift from Nemelex Xobeh
  5394 | D:6      | Received a gift from Nemelex Xobeh
  5394 | D:6      | Reached ** piety under Nemelex Xobeh
  5597 | D:6      | Noticed Nizelasm's ghost (novice TrWz)
  5598 | D:6      | Found a runed door.
  5604 | D:6      | Noticed a rust devil
  5619 | D:6      | Killed Nizelasm's ghost
  5619 | D:6      | Reached skill level 10 in Axes
  5619 | D:6      | Reached skill level 5 in Armour
  5740 | D:6      | Reached XP level 9. HP: 78/78 MP: 10/10
  6085 | D:6      | Found a shattered altar of Ashenzari.
  6451 | D:7      | Reached skill level 11 in Axes
  6807 | D:9      | Received a gift from Nemelex Xobeh
  6847 | D:9      | Noticed a hornet
  6854 | D:9      | Killed a hornet
  7012 | D:9      | Found Zin's Purification Station.
  7019 | D:9      | Found a glowing silver altar of Zin.
  7026 | D:9      | Bought a potion of curing for 90 gold pieces
  7036 | D:10     | Entered Level 10 of the Dungeon
  7036 | D:10     | Noticed a tengu warrior
  7104 | D:9      | Found a blossoming altar of Fedhas.
  7146 | D:9      | Noticed a hornet
  7151 | D:9      | a hornet changed into a tengu
  7523 | D:8      | Noticed a two-headed ogre
  7528 | D:8      | Killed a two-headed ogre
  7528 | D:8      | Reached skill level 12 in Axes
  7528 | D:8      | Reached skill level 5 in Invocations
  7528 | D:8      | Reached XP level 10. HP: 63/86 MP: 12/14
  7636 | D:8      | Found an opulent altar of Gozag.
  7672 | D:8      | Received a gift from Nemelex Xobeh
  7695 | D:7      | Reached *** piety under Nemelex Xobeh
  7952 | D:7      | Found a basalt altar of Yredelemnul.
  8054 | D:7      | Received a gift from Nemelex Xobeh
  8942 | D:9      | Reached skill level 13 in Axes
  9485 | D:9      | Found a radiant altar of Vehumet.
  9658 | D:10     | Killed a tengu warrior
 10017 | D:10     | Reached **** piety under Nemelex Xobeh
 10017 | D:10     | Received a gift from Nemelex Xobeh
 10019 | D:10     | Reached XP level 11. HP: 91/95 MP: 16/16
 10527 | D:11     | Reached skill level 14 in Axes
 10555 | D:11     | Noticed a green ugly thing
 10567 | D:11     | Killed a green ugly thing
 10984 | D:11     | Received a gift from Nemelex Xobeh
 11095 | D:11     | Found a staircase to the Orcish Mines.
 11242 | Orc:1    | Entered Level 1 of the Orcish Mines
 11242 | Orc:1    | Found Xetseyc's Food Shoppe.
 11242 | Orc:1    | Noticed a two-headed ogre
 11245 | Orc:1    | Killed a two-headed ogre
 11265 | Orc:1    | Noticed an orc high priest
 11268 | Orc:1    | Gained mutation: You occasionally shout uncontrollably at your foes. [a neqoxec]
 11273 | Orc:1    | Noticed a sixfirhy
 11273 | Orc:1    | Noticed a soul eater
 11274 | Orc:1    | Killed an orc high priest
 11493 | Orc:1    | Noticed a cyclops
 11503 | Orc:1    | Killed a cyclops
 11503 | Orc:1    | Reached skill level 15 in Axes
 12027 | Orc:2    | Entered Level 2 of the Orcish Mines
 12368 | Orc:2    | Found a staircase to the Elven Halls.
 12388 | Orc:2    | Received a gift from Nemelex Xobeh
 12968 | Orc:2    | Noticed an orc sorcerer
 12968 | Orc:2    | Noticed an orc high priest
 12969 | Orc:2    | Noticed an orc knight
 12970 | Orc:2    | Noticed an orc high priest
 12971 | Orc:2    | Killed an orc sorcerer
 12971 | Orc:2    | Noticed an orc warlord
 12972 | Orc:2    | Noticed an orc knight
 12974 | Orc:2    | Noticed a sun demon
 12974 | Orc:2    | Noticed an orc sorcerer
 12974 | Orc:2    | Noticed an orc sorcerer
 12975 | Orc:2    | Noticed an orc knight
 12976 | Orc:2    | Noticed a sun demon
 12982 | Orc:2    | Killed an orc high priest
 12982 | Orc:2    | Killed an orc knight
 12982 | Orc:2    | Reached skill level 10 in Fighting
 12982 | Orc:2    | Reached XP level 12. HP: 16/106 MP: 17/19
 12995 | Orc:2    | Noticed a soul eater
 13032 | Orc:2    | Reached skill level 10 in Invocations
 13038 | Orc:2    | HP: 2/106 [orc knight/tomahawk (7)]
 13664 | Orc:2    | Killed an orc warlord
 13664 | Orc:2    | Reached skill level 16 in Axes
 13684 | Orc:2    | Noticed an orc high priest
 13687 | Orc:2    | Killed an orc high priest
 13894 | Orc:2    | Received a gift from Nemelex Xobeh
 13981 | Orc:2    | Killed an orc high priest
 14033 | Orc:2    | Noticed an orc high priest
 14043 | Orc:2    | Killed an orc high priest
 14359 | Orc:2    | Found Kaodum's Antique Armour Boutique.
 14360 | Orc:2    | Found Tisirerr's Antique Weapon Boutique.
 14361 | Orc:2    | Found Feboisaf's General Store.
 14361 | Orc:2    | Found Fuajixys's Jewellery Shop.
 14377 | Orc:2    | Bought a runed plate armour for 780 gold pieces
 14387 | Orc:2    | Bought an embroidered cloak for 225 gold pieces
 14398 | Orc:2    | Bought a faintly glowing trident for 255 gold pieces
 14398 | Orc:2    | Identified the cursed +1 trident of Analysis {flame, MR+ Str+4 Stlth+} (You bought it in a shop on level 2 of the Orcish Mines)
 14606 | Elf:1    | Entered Level 1 of the Elven Halls
 14611 | Elf:1    | Noticed a deep elf knight
 14628 | Elf:1    | Killed a deep elf knight
 14630 | Elf:1    | Noticed a deep elf knight
 14642 | Elf:1    | Noticed a deep elf knight
 14897 | D:11     | Reached XP level 13. HP: 98/115 MP: 21/21
 15145 | D:11     | Found a staircase to the Lair.
 15246 | D:11     | Reached skill level 1 in Evocations
 15285 | D:11     | Reached skill level 17 in Axes
 15429 | D:11     | Got a fine scimitar
 15430 | D:11     | Identified the +10 scimitar "Xyhiataud" {flame, rPois MR+ MP+9} (You found it on level 11 of the Dungeon)
 15549 | D:11     | Received a gift from Nemelex Xobeh
 15742 | D:12     | Reached skill level 1 in Long Blades
 15777 | D:12     | Noticed Frances
 16100 | D:12     | Reached skill level 10 in Armour
 16218 | D:12     | Slain by Frances

Vault maps used:
D:1:      eino_arrival_druids_welcome
D:2:      wad_pebble_path, cheibriados_altar_1, first_ration,
          uniq_crazy_yiuf_cottage, uniq_jessica
D:3:      lemuel_coloured_pillars_altar
D:4:      grunt_temple_overflow_diamond, kennysheep_generic_room_13
D:5:      nicolae_overflow_crystal_walls, roderic_lattice_a
D:6:      lemuel_doored_altar, ashenzari_conservatory_becter,
          minmay_temple_entry_large_hall, gammafunk_ghost_grave
D:7:      marbit_many_paths, grunt_ogre_cave
D:8:      lemuel_crystal_altar
D:9:      fedhas_altar_fruit_tree, zin_purify, lemuel_crystal_altar
D:10:     wad_dig_loot
D:11:     lair_entry_dummy, hiddenorc2_lemuel, hangedman_batty
D:12:     spider_trap, corner_web_ring, minmay_statue_bubble, uniq_frances
Temple:   jpeg_temple_island
Orc:1:    serial_shops, nicolae_shop_trees
Orc:2:    st_orc_congregation
Elf:1:    eino_elf_arrival_the_gate, serial_shops, nicolae_shop_crystal,
          minmay_elf_demonology, nicolae_elf_big_sculpture_1

Skill      XL: |  1  2  3  4  5  6  7  8  9 10 11 12 13 |
---------------+----------------------------------------+-----
Fighting       | 4 5 6 7 8 10 11 | 11.4
Axes           | 5 7 9 10 12 13 15 16 17 | 17.0
Armour         | 1 2 3 5 6 7 8 9 10 | 10.0
Dodging        | 3 4 |  4.8
Shields        | 1 2 4 |  4.0
Invocations    | 2 5 7 9 11 12 | 12.5
Evocations     | 1 |  1.2
Long Blades    | 1 |  1.7
Stealth        | |  1.5

Action                   |  1- 3 |  4- 6 |  7- 9 | 10-12 | 13-15 || total
-------------------------+-------+-------+-------+-------+-------++-------
Melee: Hand axe          |    97 |       |       |       |       ||    97
       War axe           |    31 |   135 |       |       |       ||   166
       Broad axe         |       |    40 |   218 |   522 |    50 ||   830
       Scimitar          |       |       |       |       |    44 ||    44
Invok: Deal Four         |       |       |       |     1 |       ||     1
 Abil: Evoke Invisibilit |       |       |       |     1 |       ||     1
Evoke: Deck              |       |       |     5 |    48 |     3 ||    56
       Wand              |       |       |       |     2 |       ||     2
       Lamp of fire      |       |       |       |       |     1 ||     1
  Use: Scroll            |       |     1 |    14 |     9 |     2 ||    26
       Potion            |       |     8 |     1 |     1 |       ||    10
 Stab: Invisible         |       |       |       |     4 |       ||     4
  Eat: Chunk             |     2 |     7 |    12 |    23 |     4 ||    48
       Ration            |       |       |       |     1 |       ||     1
Armor: Robe              |     5 |       |       |       |       ||     5
       Chain mail        |    81 |   111 |    36 |       |       ||   228
       Skin              |       |    14 |       |       |       ||    14
       Scale mail        |       |       |    28 |   172 |       ||   200
       Plate armour      |       |       |       |    12 |    80 ||    92
Dodge: Dodged            |    60 |    69 |    75 |   212 |    51 ||   467
Block: Buckler           |       |     8 |    87 |   205 |    53 ||   353
       Rpst.: Scimitar   |       |       |       |       |     4 ||     4

Table legend:
 A = Spawn XP
 B = Non-spawn XP
 C = Spawn XP percentage of total XP
 D = Spawn monster count
 E = Non-spawn monster count
 F = Spawn count percentage of total count
 G = Total turns spent on level
                    A         B        C        D         E        F      G
               +---------+---------+-------+---------+---------+-------+---------
         Total |       0 |   39446 |   0.0 |       0 |     395 |   0.0 | 16218
               +---------+---------+-------+---------+---------+-------+---------
           D:1 |       0 |      29 |   0.0 |       0 |      13 |   0.0 |   894
           D:2 |       0 |     145 |   0.0 |       0 |      30 |   0.0 |  1456
           D:3 |       0 |     105 |   0.0 |       0 |      28 |   0.0 |   858
           D:4 |       0 |     385 |   0.0 |       0 |      12 |   0.0 |   876
           D:5 |       0 |     657 |   0.0 |       0 |      14 |   0.0 |   788
           D:6 |       0 |    1407 |   0.0 |       0 |      20 |   0.0 |  1402
           D:7 |       0 |    1278 |   0.0 |       0 |      26 |   0.0 |   911
           D:8 |       0 |    1495 |   0.0 |       0 |      18 |   0.0 |  1083
           D:9 |       0 |    2350 |   0.0 |       0 |      24 |   0.0 |  1204
          D:10 |       0 |    1662 |   0.0 |       0 |      20 |   0.0 |   869
          D:11 |       0 |    5464 |   0.0 |       0 |      61 |   0.0 |  1851
          D:12 |       0 |    4290 |   0.0 |       0 |      21 |   0.0 |   243
         Orc:1 |       0 |    2956 |   0.0 |       0 |       8 |   0.0 |  1195
         Orc:2 |       0 |   13033 |   0.0 |       0 |      90 |   0.0 |  2393
         Elf:1 |       0 |    4190 |   0.0 |       0 |      10 |   0.0 |    39
               +---------+---------+-------+---------+---------+-------+---------
